 Dungeon Crawl Stone Soup version 0.20.1-1-g8b1a95d (webtiles) character file.

109 kae the Cudgeler (level 4, -3/43 HPs)
             Began as a Gargoyle Berserker on Sept 16, 2017.
             Was a Believer of Trog.
             Slain by ThereIsNoGod's ghost (4 damage)
             ... on level 3 of the Dungeon.
             The game lasted 00:02:20 (1702 turns).

kae the Cudgeler (Gargoyle Berserker)               Turns: 1702, Time: 00:02:21

Health: -3/43      AC: 11    Str: 26    XL:     4   Next: 89%
Magic:  4/4        EV: 12    Int:  8    God:    Trog [**....]
Gold:   86         SH:  0    Dex:  9    Spells: 3/3 levels left

rFire    . . .     SeeInvis .   a - +0 mace
rCold    . . .     Gourm    .   (no shield)
rNeg     + . .     Faith    .   b - +1 animal skin
rPois    ∞         Spirit   .   (no helmet)
rElec    +         Reflect  .   f - +0 cloak
rCorr    .         Harm     .   (no gloves)
MR       .....                  d - +2 pair of boots
Stlth    ..........             (no amulet)
Regen    0.2/turn               (no ring)
MPRegen  0.1/turn               (no ring)

@: berserking, very quick
A: negative energy resistance 1, electricity resistance, unbreathing,
petrification resistance, rot immunity, AC +3
a: Berserk, Trog's Hand, Burn Spellbooks, Renounce Religion


You were on level 3 of the Dungeon.
You worshipped Trog.
Trog was pleased with you.
You were near starving.

You visited 1 branch of the dungeon, and saw 3 of its levels.

You collected 86 gold pieces.

Inventory:

Hand Weapons
 a - a +0 mace (weapon)
Armour
 b - a +1 animal skin (worn)
 d - a +2 pair of boots (worn)
 f - a +0 cloak (worn)
Jewellery
 p - an uncursed amulet of regeneration {unknown}
Wands
 q - a wand of random effects (29/48)
Scrolls
 g - 2 scrolls of enchant armour
 i - a scroll of fog {unknown}
 l - a scroll of recharging {unknown}
 o - a scroll of immolation {unknown}
Potions
 e - a potion of ambrosia {unknown}
 j - a potion of brilliance {unknown}
 k - 2 potions of heal wounds {unknown}
 m - a potion of agility {unknown}
Comestibles
 c - a bread ration
 h - a meat ration
 n - a fruit


   Skills:
 + Level 4.0 Fighting
 * Level 4.5 Maces & Flails
 + Level 3.0 Armour
 - Level 1.5 Dodging


You had 3 spell levels left.
You didn't know any spells.

Dungeon Overview and Level Annotations

Branches:
Dungeon (3/15)

Altars:
Sif Muna
Yredelemnul

Annotations:
D:3 ThereIsNoGod's ghost, amateur TrFi


Innate Abilities, Weirdness & Mutations

You are resistant to torment.
Your stone body is resilient. (AC +3)
You are immune to poison.
You resist negative energy. (rN+)
You are resistant to electric shocks. (rElec)
You can survive without breathing.
You are immune to petrification.
You are immune to rotting.


Message History

You closely miss ThereIsNoGod's ghost. ThereIsNoGod's ghost barely misses you.
A red film seems to cover your vision as you go berserk!
You feel yourself moving faster!
You feel mighty!
You are near starving!
ThereIsNoGod's ghost hits you!
You barely miss ThereIsNoGod's ghost. ThereIsNoGod's ghost hits you.
* * * LOW HITPOINT WARNING * * *
You completely miss ThereIsNoGod's ghost.
ThereIsNoGod's ghost hits you!
* * * LOW HITPOINT WARNING * * *
You thump ThereIsNoGod's ghost!
ThereIsNoGod's ghost is lightly damaged.
ThereIsNoGod's ghost barely misses you.
You are too berserk!
You closely miss ThereIsNoGod's ghost.
ThereIsNoGod's ghost is lightly damaged.
You sock ThereIsNoGod's ghost!
ThereIsNoGod's ghost is heavily damaged.
ThereIsNoGod's ghost hits you.
You die...

#.# #.#. #.#..
#.#..### #.# ...#
#.#.##.#####...
#.#...o†)......
#.##.#W#.......
#.# #@#.......
#.####.#.!.....
###.#††..#.......
#...#.####.....$.
###.#.# .......
#...# .......
#####


You could see ThereIsNoGod's ghost and an orc.

Vanquished Creatures
  An orc priest (D:3)
  4 adders
  An ooze (D:1)
  A worm (D:2)
  2 orcs (D:3)
  2 bats (D:1)
  3 giant cockroaches
  4 goblins
  5 hobgoblins
  2 jackals (D:3)
  2 kobolds
  5 frilled lizards
  6 rats
38 creatures vanquished.

Notes
Turn   | Place    | Note
-------+----------+-------------------------------------------
     0 | D:1      | kae the Gargoyle Berserker began the quest for the Orb.
     0 | D:1      | Reached XP level 1. HP: 14/14 MP: 1/1
    26 | D:1      | Reached XP level 2. HP: 19/19 MP: 2/2
   620 | D:2      | Reached XP level 3. HP: 8/23 MP: 3/3
  1424 | D:3      | Reached ** piety under Trog
  1424 | D:3      | Reached XP level 4. HP: 24/29 MP: 4/4
  1627 | D:3      | Found a basalt altar of Yredelemnul.
  1627 | D:3      | Found a deep blue altar of Sif Muna.
  1676 | D:3      | Noticed ThereIsNoGod's ghost (amateur TrFi)
  1699 | D:3      | HP: 1/43 [ThereIsNoGod's ghost (11)]
  1702 | D:3      | Slain by ThereIsNoGod's ghost

Skill      XL: |  1  2  3  4 |
---------------+-------------+-----
Maces & Flails | 4 |  4.5
Fighting       | 4 |  4.0
Armour         | 3 |  3.0
Dodging        | |  1.5

Action                   |  1- 3 |  4- 6 || total
-------------------------+-------+-------++-------
Melee: Mace              |    92 |    32 ||   124
Invok: Berserk           |       |     1 ||     1
       Trog's Hand       |       |     1 ||     1
  Use: Scroll            |     1 |       ||     1
  Eat: Chunk             |     2 |       ||     2
Armor: Animal skin       |    42 |     9 ||    51
Dodge: Dodged            |    63 |    19 ||    82
